 Dungeon Crawl Stone Soup version 0.32-a0-981-g384da2ce10 (webtiles) character file.

Game seed: 5327257384318824708

79 petete the Firebug (level 4, -1/33 HPs)
             Began as a Mountain Dwarf Fire Elementalist on Apr 21, 2024.
             Slain by an orc
             ... wielding a +2 falchion of protection
              (4 damage)
             ... on level 3 of the Dungeon.
             The game lasted 00:10:43 (2307 turns).

petete the Firebug (MDFE)                           Turns: 2307, Time: 00:10:43

Health: -1/33      AC:  2    Str: 10    XL:     4   Next: 16%
Magic:  7/7        EV: 10    Int: 18    God:
Gold:   36         SH:  0    Dex: 10    Spells: 4/7 levels left

rFire   . . .        a - +0 mace
rCold   . . .        (no shield)
rNeg    . . .        f - +0 robe
rPois   .            (no helmet)
rElec   .            (no cloak)
rCorr   .            (no gloves)
SInv    +            (no boots)
Will    .....        (no amulet)
Stlth   ++           e - ring of see invisible
HPRegen 0.25/turn    (no ring)
MPRegen 0.10/turn

%: no passive effects
@: no status effects
A: runic magic, artefact enchanting
a: Convert to Beogh


You were on level 3 of the Dungeon.
You visited 1 branch of the dungeon, and saw 3 of its levels.

You collected 63 gold pieces.
You spent 27 gold pieces at shops.

Inventory:

Hand Weapons
 a - a +0 mace (weapon)
Armour
 f - a +0 robe (worn)
Jewellery
 e - a ring of see invisible (left hand)
Scrolls
 g - a scroll of blinking {unknown}
 h - a scroll of enchant weapon {unknown}
 j - 2 scrolls of identify {unknown}
Potions
 b - a potion of magic
 c - a potion of lignification {unknown}
 d - 2 potions of curing {unknown}
 i - a potion of attraction {unknown}
 k - a potion of might {unknown}


   Skills:
 - Level 1.3 Dodging
 - Level 1.4 Stealth
 + Level 2.4 Spellcasting
 - Level 1.0 Conjurations
 + Level 5.5 Fire Magic


You had 4 spell levels left.
You knew the following spells:

 Your Spells              Type           Power      Damage    Failure   Level
a - Foxfire               Conj/Fire      52%        2x1d6     4%          1
b - Scorch                Fire           42%        2d6       2%          2

Your spell library contained the following spells:

 Spells                   Type           Power      Damage    Failure   Level
 Inner Flame              Hex/Fire       12%        N/A       17%         3
 Volatile Blastmotes      Fire/Tloc      24%        2d12      17%         3
 Flame Wave               Conj/Fire      13%        2d6       41%         4
 Tukima's Dance           Hex            2%         N/A       45%         3
 Iskenderun's Mystic Bla Conj/Tloc 4%             2d3        (+2d1     80%         4
 Dimensional Bullseye     Hex/Tloc       1%         N/A       86%         4


Dungeon Overview and Level Annotations

Branches:
Dungeon (3/15)

Altars:

Shops:
D:2 [[[*


Innate Abilities, Weirdness & Mutations

Your spellcasting is much less encumbered by armour.
You can use scrolls of enchantment on lesser artefacts.


Message History

The bat moves out of view.
A bat is nearby!
Casting: Foxfire (safe; 4% risk of failure)
Press: ? - help, Q - select action, (/) - cycle Dir - look around, f - activate You conjure some foxfire!
The foxfire hits the bat.
You kill the bat!
Your foxfire dissipates!
You see here a bat corpse.
You see here a +0 quarterstaff.
You now have enough gold to buy a cyan potion on D:2, or buy a scroll labelled TAS ILOGHAEPPA on D:2.
You can access your shopping list by pressing '$'.
You now have 36 gold pieces (gained 10).
Found a ring mail.
You open the door.
A rat, 5 orcs and a frilled lizard come into view.
An orc is wielding a +2 falchion of protection.
The orc shouts!
The orc priest shouts!
The frilled lizard hisses angrily.
You hear an angry hiss.
A frilled lizard comes into view.
The orc wizard shouts!
The orc priest mumbles some strange prayers to Beogh against you.
Beogh smites you!
The orc priest threatens, "Beogh's wrath is as vast as their mercy.
Make your choice!" (press Y on the ability menu to convert to Beogh)
Okay, then.
The orc priest looks braver for a moment.
The orc attacks as it pursues you!
The orc hits you with a +2 falchion of protection.
The orc priest invokes the aid of Beogh against you.
Beogh smites you!
* * * LOW HITPOINT WARNING * * *
You see here a +0 ring mail.
The orc attacks as it pursues you!
The orc hits you with a +2 falchion of protection.
* * * LOW HITPOINT WARNING * * *
The orc attacks as it pursues you! The orc barely misses you.
The orc attacks as it pursues you!
The orc hits you with a +2 falchion of protection.
You die...

##.## ######.o.##
#..[.ol...#
#.####...##
#.###o#####.##
#......o..#.####.#
#..##.###........#
## #.....o.######
#######@# . #.#
..# #)#
#..#####.#####
#..#.....[..#####
#....#..†.......
.##......##.#####
##.....##.#
###......#


You could see an orc priest, 2 orcs and a frilled lizard.

Vanquished Creatures
  2 adders (D:2)
  2 ribbon worms (D:2)
  2 dart slugs
  4 ball pythons
  2 endoplasms
  A giant cockroach (D:1)
  3 goblins
  7 hobgoblins
  3 quokkas
  10 bats
  3 frilled lizards
  5 kobolds
  6 rats
50 creatures vanquished.

Vanquished Creatures (others)
  130 foxfires
130 creatures vanquished.

Grand Total: 180 creatures vanquished

Notes
Turn   | Place    | Note
-------+----------+-------------------------------------------
     0 | D:1      | petete the Mountain Dwarf Fire Elementalist began the quest
                  | for the Orb.
     0 | D:1      | Reached XP level 1. HP: 14/14 MP: 3/3
    24 | D:1      | Reached skill level 1 in Conjurations
   123 | D:1      | Reached skill level 4 in Fire Magic
   162 | D:1      | Reached XP level 2. HP: 20/20 MP: 3/5
   620 | D:1      | Learned a level 2 spell: Scorch
   782 | D:1      | Reached XP level 3. HP: 26/26 MP: 3/6
   843 | D:2      | Reached skill level 5 in Fire Magic
  1546 | D:2      | Found Doycs's Antique Armour Shoppe.
  1567 | D:2      | Found Viggiuc's Armour Shop.
  1573 | D:2      | Found Osushrypa's Antique Armour Shoppe.
  1598 | D:2      | Reached XP level 4. HP: 33/33 MP: 5/7
  1745 | D:2      | Found Faavvor's Assorted Antiques.
  1750 | D:2      | Bought a blue potion for 27 gold pieces
  2302 | D:3      | HP: 1/33 [orc/+2 falchion of protection (5)]
  2307 | D:3      | Slain by an orc

Illustrated notes

Levels and vault maps discovered:
D:1:      dpeg_arrival_pits, layout_rooms, serial_glass, glass_columns_a,
          glass_columns_a
D:2:      layout_basic, serial_shops, nicolae_shop_tiny_statue_garden, shop,
          shop, nicolae_shop_just_a_little_nook, reono_crystal_passage
D:3:      layout_loops_corners, tso_metal_star, glass_columns_b, uniq_natasha

Skill      XL: |  1  2  3 |
---------------+----------+-----
Conjurations   | 1 |  1.0
Spellcasting   | 2 |  2.4
Fire Magic     | 4 5 |  5.5
Dodging        | |  1.3
Stealth        | |  1.4

Action                     |  1- 3 |  4- 6 || total
---------------------------+-------+-------++-------
  Melee: Club              |     5 |       ||     5
         Mace              |    30 |     4 ||    34
   Cast: Foxfire           |    60 |    14 ||    74
         Scorch            |     4 |     1 ||     5
 Armour: Robe              |    32 |     8 ||    40
  Dodge: Dodged            |    21 |     6 ||    27

Table legend: (Time is in decaauts)
 A = Elapsed time spent in this place.
 B = Non-inter-level travel time spent in this place.
 C = Inter-level travel time spent in this place.
 D = Time resting spent in this place.
 E = Time spent auto-exploring this place.
 F = Levels seen in this place.
 G = Mean time per level.
                   A        B        C        D        E       F      G
               +--------+--------+--------+--------+--------+-----+--------+
         Total |   2319 |   2254 |     65 |     42 |   1794 |   3 |  773.0 |
       Dungeon |   2319 |   2254 |     65 |     42 |   1794 |   3 |  773.0 |
               +--------+--------+--------+--------+--------+-----+--------+

Top non-repeatable levels by time:
     D:2: 1288 daAuts
     D:1: 902 daAuts
     D:3: 128 daAuts
